 Dungeon Sprint DCSS version 0.17-a0-1632-g0af21bd (webtiles) character file.

16013 Kidiri the Tortoise (level 12, -10/81 HPs)
             Began as a Gargoyle Fighter on Aug 3, 2015.
             Was the Champion of Okawaru.
             Killed from afar by an ice dragon (39 damage)
             ... with a blast of cold
             ... in the Dungeon (Sprint IX: "|||||||||||||||||||||||||||||").
             The game lasted 00:13:57 (2492 turns).

Kidiri the Tortoise (Gargoyle Fighter)              Turns: 2492, Time: 00:13:57

Health: -10/81     AC: 40    Str: 24    XL:     12   Next: 33%
Magic:  18/18      EV:  9    Int: 11    God:    Okawaru [******]
Gold:   1875       SH: 29    Dex: 10    Spells: 0 memorised, 11 levels left

rFire  . . .     SeeInvis +     a - +7 demon whip (venom)
rCold  . . .     Clarity  .     q - +2 plate armour
rNeg   + . .     SustAt   .     E - +8 large shield of Paranoia {SInv}
rPois  ∞         Gourm    .     (helmet restricted)
rElec  +         Spirit   .     s - +0 cloak
rCorr  .         Warding  .     c - +2 pair of gloves
rMut   .         NoTele   +     A - +1 pair of boots
MR     .....                    (no amulet)
Stlth  ..........               v - +2 ring of protection
                                u - +2 ring of protection

@: slowed, very slow, not resistant to hostile enchantments, extremely
unstealthy
A: horns 1, talons 1, clever 1, negative energy resistance 1, electricity
resistance, unbreathing, petrification resistance, rot immunity, subdued magic
1, AC +8
a: Heroism, Finesse, Renounce Religion


You were in the Dungeon.
You worshipped Okawaru.
Okawaru was exalted by your worship.
You were very hungry.

You visited 1 branch You collected 1914 gold pieces.
You spent 39 gold pieces at shops.

Inventory:

Hand weapons
 a - a +7 demon whip of venom (weapon)
Missiles
 l - 4 silver javelins (quivered)
Armour
 b - the +2 chain mail "Ynuzoxti" {MR+ Regen+ rCorr, unknown}
   (Okawaru gifted it to you in the Dungeon)

   It affects your resistance to hostile enchantments.
   It increases your rate of regeneration.
   It protects you from acid and corrosion.
 c - a +2 pair of gloves (worn)
 q - a +2 plate armour (worn)
 s - a +0 cloak (worn)
 A - a +1 pair of boots (worn)
 E - the +8 large shield of Paranoia (worn) {SInv}
   (You found it in the Dungeon)

   It lets you see invisible.
Jewellery
 u - a +2 ring of protection (left hand)
 v - a +2 ring of protection (right hand)
 y - an uncursed ring of ice
 B - an uncursed ring of protection from fire
 C - an uncursed ring of protection from fire
 D - an uncursed ring of ice
Magical devices
 p - a wand of cold (7)
Scrolls
 k - 2 scrolls of blinking
 n - 8 scrolls of remove curse
 o - 2 scrolls of amnesia
 x - 3 scrolls of recharging
 z - a scroll of fog
Potions
 d - 2 potions of might
 f - 8 potions of curing
 g - 3 potions of heal wounds
 h - a potion of haste
 i - 4 potions of magic
 j - 2 potions of berserk rage
 m - a potion of invisibility
 w - 3 potions of brilliance
Comestibles
 e - 13 bread rations
 r - 40 fruits
 t - 12 meat rations


   Skills:
 + Level 12.0 Fighting
 * Level 14.9 Maces & Flails
 * Level 16.2 Armour
 + Level 9.1 Dodging
 * Level 16.2 Shields
 + Level 8.2 Invocations


You had 11 spell levels left.
You didn't know any spells.

Dungeon Overview and Level Annotations

Branches:
Dungeon (1/1)

Altars:
Cheibriados
Dithmenos
Elyvilon
Fedhas
Gozag
Kikubaaqudgha
Makhleb
Nemelex Xobeh
Okawaru
Qazlal
Ru
Sif Muna
Trog
Vehumet
Xom
Yredelemnul
Zin
The Shining One
Beogh
Jiyva
Lugonu

Shops:
D }%*%


Innate Abilities, Weirdness & Mutations

You are resistant to torment.
Your stone body is resilient (AC +8).
You are immune to poison.
You resist negative energy.
You are resistant to electric shocks.
You can survive without breathing.
You are immune to petrification.
You are immune to rotting.
You have a pair of small horns on your head.
You have sharp toenails.
Your mind is acute. (Int +2)
Your spells are a little easier to cast, but a little less powerful.


Message History

The blast of cold hits you!
* * * LOW HITPOINT WARNING * * *
You are too injured to fight recklessly!
Drink which item? (? for menu, Esc to quit)
You feel much better. The ice dragon bites you!
You block the ice dragon's attack. x3
The ice dragon claws you but does no damage.
You block the ice dragon's attack.
You hit the ice dragon.
The ice dragon is poisoned.
You headbutt the ice dragon.
The ice dragon is moderately wounded.
You whack the ice dragon!
The ice dragon looks even sicker.
You headbutt the ice dragon, but do no damage.
The ice dragon is heavily wounded.
You block the ice dragon's attack. x3
Your plate armour prevents you from hitting the ice dragon.
The ice dragon is heavily wounded.
The ice dragon breathes frost at you. The blast of cold hits you!
You die...

▓▓▓▓▓▓▓▓▓▓▓▓▓▓▓▓▓▓▓▓▓▓▓▓▓
...(...('()[(†.)@DC.....+
▓▓▓▓▓▓▓▓▓▓▓▓▓▓▓▓▓▓▓▓▓▓▓▓▓▓▓▓▓▓▓▓▓
.................................
▓▓▓▓▓▓▓▓▓▓▓▓▓▓▓▓▓▓▓▓▓▓▓▓▓▓▓▓▓▓▓▓▓
)))...)())))∩)∩)∩.∩.....'........
▓▓▓▓▓▓▓▓▓▓▓▓▓▓▓▓▓▓▓▓▓▓▓▓▓▓▓▓▓▓▓▓▓
.................................
▓▓▓▓▓▓▓▓▓▓▓▓▓▓▓▓▓▓▓▓▓▓▓▓▓▓▓▓▓▓▓▓▓
...%...%........(.[.'.....[..'...


You could see an ice dragon and an ettin.

Vanquished Creatures
  An entropy weaver (D)
  An ice dragon (D)
  A centaur warrior (D)
  An ogre mage (D)
  Urug (D)
  2 orc knights (D)
  A griffon (D)
  6 orc sorcerers (D)
  A wizard (D)
  2 cyclopes (D)
  An elephant (D)
  3 black mambas (D)
  2 spiny frogs (D)
  2 komodo dragons (D)
  2 yaktaurs (D)
  A two-headed ogre (D)
  5 blink frogs (D)
  A trapdoor spider (D)
  A yak (D)
  A wyvern (D)
  Grum (D)
  A hippogriff (D)
  2 vampire mosquitoes (D)
  2 wolves (D)
  An ice beast (D)
  3 water moccasins (D)
  2 sky beasts (D)
  9 orc warriors (D)
  An eye of draining (D)
  A crocodile (D)
  A centaur (D)
  2 big kobolds (D)
  3 giant frogs (D)
  2 brain worms (D)
  A killer bee (D)
  2 wights (D)
  4 orc priests (D)
  13 orc wizards (D)
  A worker ant (D)
  A river rat (D)
  6 orcs (D)
  2 bats (D)
  2 giant newts (D)
  2 rats (D)
101 creatures vanquished.

Vanquished Creatures (others)
  2 orc wizards (D)
2 creatures vanquished.

Grand Total: 103 creatures vanquished

Notes
Turn   | Place    | Note
--------------------------------------------------------------
     0 | D        | Kidiri the Gargoyle Fighter began the quest for the Orb.
     0 | D        | Reached XP level 1. HP: 14/14 MP: 1/1
    31 | D        | Noticed a centaur
    31 | D        | Noticed a sky beast
    31 | D        | Noticed a worker ant
    39 | D        | Killed a centaur
    39 | D        | Reached skill level 4 in Fighting
    39 | D        | Reached skill level 5 in Armour
    39 | D        | Reached skill level 1 in Dodging
    39 | D        | Reached skill level 5 in Shields
    39 | D        | Reached XP level 2. HP: 13/20 MP: 2/2
    39 | D        | Reached XP level 3. HP: 15/24 MP: 3/3
    39 | D        | Reached XP level 4. HP: 18/30 MP: 4/4
    67 | D        | Killed a sky beast
    67 | D        | Reached skill level 5 in Fighting
    67 | D        | Reached skill level 5 in Maces & Flails
    67 | D        | Reached skill level 6 in Armour
    67 | D        | Reached XP level 5. HP: 10/35 MP: 5/5
    78 | D        | Killed a worker ant
    78 | D        | Reached skill level 7 in Armour
   248 | D        | Found a glowing silver altar of Zin.
   248 | D        | Found a glowing golden altar of the Shining One.
   248 | D        | Found an ancient bone altar of Kikubaaqudgha.
   248 | D        | Found a basalt altar of Yredelemnul.
   248 | D        | Found a shimmering altar of Xom.
   248 | D        | Found a radiant altar of Vehumet.
   249 | D        | Found an iron altar of Okawaru.
   250 | D        | Found a burning altar of Makhleb.
   251 | D        | Found a deep blue altar of Sif Muna.
   252 | D        | Found a bloodstained altar of Trog.
   253 | D        | Found a sparkling altar of Nemelex Xobeh.
   254 | D        | Found a white marble altar of Elyvilon.
   255 | D        | Found a roughly hewn altar of Beogh.
   256 | D        | Found a viscous altar of Jiyva.
   257 | D        | Became a worshipper of Warmaster Okawaru
   258 | D        | Found a corrupted altar of Lugonu.
   259 | D        | Found a blossoming altar of Fedhas.
   260 | D        | Found a snail-covered altar of Cheibriados.
   261 | D        | Found a shadowy altar of Dithmenos.
   262 | D        | Found a stormy altar of Qazlal.
   263 | D        | Found an opulent altar of Gozag.
   264 | D        | Found a sacrificial altar of Ru.
   333 | D        | Noticed a big kobold
   333 | D        | Noticed a killer bee
   333 | D        | Noticed an orc warrior
   333 | D        | Noticed a two-headed ogre
   333 | D        | Noticed a wight
   333 | D        | Noticed a wight
   346 | D        | Killed a big kobold
   346 | D        | Reached XP level 6. HP: 39/41 MP: 6/6
   352 | D        | Killed a killer bee
   352 | D        | Reached skill level 8 in Armour
   364 | D        | Killed an orc warrior
   376 | D        | Killed a two-headed ogre
   376 | D        | Reached skill level 9 in Armour
   376 | D        | Reached XP level 7. HP: 22/47 MP: 7/7
   383 | D        | Killed a wight
   383 | D        | Acquired Okawaru's first power
   389 | D        | Killed a wight
   560 | D        | Noticed a sky beast
   560 | D        | Noticed an eye of draining
   560 | D        | Noticed an orc wizard
   560 | D        | Noticed a big kobold
   565 | D        | Killed a sky beast
   570 | D        | Killed an eye of draining
   570 | D        | Reached skill level 10 in Armour
   570 | D        | Reached skill level 10 in Shields
   570 | D        | Reached XP level 8. HP: 53/53 MP: 1/8
   572 | D        | Killed an orc wizard
   579 | D        | Killed a big kobold
   585 | D        | Gained mutation: You have sharp toenails. [mutagenic meat]
   586 | D        | Gained mutation: Your spells are a little easier to cast, but a little less powerful. [mutagenic meat]
   587 | D        | Gained mutation: You have a pair of small horns on your head. [mutagenic meat]
   588 | D        | Gained mutation: Your mind is acute. (Int +2) [mutagenic meat]
   601 | D        | Noticed a trapdoor spider
   608 | D        | Killed a trapdoor spider
   743 | D        | Noticed a blink frog
   743 | D        | Noticed a spiny frog
   743 | D        | Noticed a komodo dragon
   743 | D        | Noticed a spiny frog
   743 | D        | Noticed a yak
   743 | D        | Noticed a komodo dragon
   747 | D        | Noticed a black mamba
   750 | D        | Killed a blink frog
   750 | D        | Reached skill level 5 in Dodging
   752 | D        | Noticed a hippogriff
   755 | D        | Killed a spiny frog
   755 | D        | Reached skill level 11 in Armour
   762 | D        | Noticed a crocodile
   762 | D        | Killed a komodo dragon
   762 | D        | Reached skill level 10 in Maces & Flails
   762 | D        | Reached XP level 9. HP: 31/60 MP: 9/9
   771 | D        | Killed a spiny frog
   779 | D        | Killed a yak
   788 | D        | Killed a komodo dragon
   788 | D        | Reached skill level 12 in Armour
   803 | D        | Killed a black mamba
   805 | D        | Killed a hippogriff
   810 | D        | Killed a crocodile
   972 | D        | Noticed a water moccasin
   972 | D        | Noticed an elephant
   972 | D        | Noticed a wyvern
   972 | D        | Noticed a griffon
   972 | D        | Noticed a black mamba
   977 | D        | Noticed a water moccasin
   978 | D        | Noticed a black mamba
   978 | D        | Killed a water moccasin
   983 | D        | Killed an elephant
   983 | D        | Reached skill level 1 in Invocations
   983 | D        | Reached XP level 10. HP: 53/66 MP: 7/11
   991 | D        | Killed a griffon
   991 | D        | Reached skill level 13 in Armour
   997 | D        | Killed a wyvern
  1012 | D        | Killed a black mamba
  1019 | D        | Killed a black mamba
  1019 | D        | Acquired Okawaru's second power
  1022 | D        | Killed a water moccasin
  1022 | D        | Reached skill level 10 in Fighting
  1143 | D        | Noticed a brain worm
  1151 | D        | Killed a brain worm
  1157 | D        | Noticed a blink frog
  1157 | D        | Noticed a blink frog
  1157 | D        | Noticed a blink frog
  1157 | D        | Noticed a giant frog
  1157 | D        | Noticed a vampire mosquito
  1157 | D        | Noticed a blink frog
  1162 | D        | Killed a blink frog
  1165 | D        | Noticed a giant frog
  1167 | D        | Killed a giant frog
  1168 | D        | Killed a blink frog
  1170 | D        | Noticed a vampire mosquito
  1171 | D        | Killed a vampire mosquito
  1171 | D        | Received a gift from Okawaru
  1176 | D        | Killed a blink frog
  1178 | D        | Killed a giant frog
  1182 | D        | Killed a vampire mosquito
  1186 | D        | Killed a blink frog
  1361 | D        | Noticed an orc wizard
  1361 | D        | Noticed an orc priest
  1361 | D        | Noticed an orc wizard
  1364 | D        | Noticed an orc priest
  1366 | D        | Noticed an orc wizard
  1368 | D        | Killed an orc wizard
  1371 | D        | Noticed an orc priest
  1373 | D        | Noticed an orc warrior
  1373 | D        | Killed an orc priest
  1375 | D        | Noticed an orc priest
  1375 | D        | Killed an orc wizard
  1379 | D        | Killed an orc priest
  1379 | D        | Reached skill level 14 in Armour
  1380 | D        | Noticed an orc wizard
  1382 | D        | Killed an orc wizard
  1384 | D        | Noticed an orc wizard
  1388 | D        | Killed an orc warrior
  1389 | D        | Killed an orc priest
  1397 | D        | Killed an orc priest
  1401 | D        | Killed an orc wizard
  1407 | D        | Killed an orc wizard
  1524 | D        | Noticed an orc knight
  1524 | D        | Noticed an orc sorcerer
  1524 | D        | Noticed an orc warrior
  1524 | D        | Noticed an orc warrior
  1524 | D        | Noticed an orc warrior
  1532 | D        | Noticed an orc warrior
  1542 | D        | Killed an orc knight
  1542 | D        | Reached skill level 5 in Invocations
  1542 | D        | Reached XP level 11. HP: 59/73 MP: 14/14
  1543 | D        | Noticed an orc warrior
  1550 | D        | Killed an orc sorcerer
  1551 | D        | Noticed an orc warrior
  1555 | D        | Noticed an orc knight
  1560 | D        | Killed an orc warrior
  1561 | D        | Noticed an orc wizard
  1563 | D        | Killed an orc warrior
  1568 | D        | Noticed an orc warrior
  1568 | D        | Killed an orc warrior
  1573 | D        | Killed an orc warrior
  1579 | D        | Killed an orc warrior
  1595 | D        | Killed an orc knight
  1601 | D        | Killed an orc warrior
  1614 | D        | Killed an orc warrior
  1618 | D        | Killed an orc wizard
  1898 | D        | Found Niteonuq's Gadget Emporium.
  1898 | D        | Noticed an orc sorcerer
  1898 | D        | Noticed an orc sorcerer
  1898 | D        | Noticed an orc wizard
  1898 | D        | Noticed an orc sorcerer
  1898 | D        | Noticed an orc wizard
  1902 | D        | Killed an orc sorcerer
  1903 | D        | Noticed an orc wizard
  1907 | D        | Noticed a soul eater
  1907 | D        | Killed an orc sorcerer
  1908 | D        | Found Oczeymuf's Food Shoppe.
  1909 | D        | Killed an orc sorcerer
  1909 | D        | Received a gift from Okawaru
  1910 | D        | Noticed an orc wizard
  1915 | D        | Noticed an orc wizard
  1916 | D        | Killed an orc wizard
  1917 | D        | Found Paol's General Store.
  1918 | D        | Noticed an orc wizard
  1925 | D        | Killed an orc wizard
  1926 | D        | Noticed an orc wizard
  1927 | D        | Killed an orc wizard
  1928 | D        | Found Nomait's Food Shoppe.
  1932 | D        | Killed an orc wizard
  1934 | D        | Noticed an orc wizard
  1937 | D        | Killed an orc wizard
  1939 | D        | Noticed an orc sorcerer
  1940 | D        | Killed an orc wizard
  1941 | D        | Killed an orc wizard
  1942 | D        | Noticed an orc sorcerer
  1945 | D        | Killed an orc wizard
  1956 | D        | Killed an orc sorcerer
  1956 | D        | Reached skill level 15 in Armour
  1956 | D        | Reached skill level 15 in Shields
  1963 | D        | Killed an orc sorcerer
  1980 | D        | Bought a potion of curing for 39 gold pieces
  2076 | D        | Noticed a wolf
  2078 | D        | Noticed Grum
  2082 | D        | Killed a wolf
  2083 | D        | Noticed a wolf
  2089 | D        | Killed Grum
  2092 | D        | Killed a wolf
  2097 | D        | Noticed Urug
  2118 | D        | Killed Urug
  2265 | D        | Got the +8 large shield of Paranoia {SInv}
  2362 | D        | Noticed an ice beast
  2362 | D        | Noticed a cyclops
  2362 | D        | Noticed a centaur warrior
  2362 | D        | Noticed an ogre mage
  2362 | D        | Noticed a giant frog
  2362 | D        | Noticed a cyclops
  2366 | D        | Killed an ice beast
  2366 | D        | Received a gift from Okawaru
  2367 | D        | Got a transparent chain mail {god gift}
  2368 | D        | Noticed a water moccasin
  2369 | D        | Noticed a brain worm
  2372 | D        | Killed a cyclops
  2373 | D        | Noticed an ice dragon
  2378 | D        | Killed a centaur warrior
  2380 | D        | Noticed a yaktaur
  2382 | D        | Killed an ogre mage
  2382 | D        | Reached XP level 12. HP: 77/80 MP: 17/17
  2387 | D        | Killed a giant frog
  2388 | D        | Noticed a yaktaur
  2394 | D        | Noticed an entropy weaver
  2396 | D        | Killed a cyclops
  2397 | D        | Noticed a wizard
  2409 | D        | Killed an ice dragon
  2415 | D        | Killed a water moccasin
  2418 | D        | Killed a brain worm
  2430 | D        | Noticed an ice dragon
  2432 | D        | Killed a yaktaur
  2432 | D        | Reached skill level 16 in Armour
  2433 | D        | Noticed an ettin
  2439 | D        | Killed a yaktaur
  2471 | D        | Killed an entropy weaver
  2481 | D        | Killed a wizard
  2492 | D        | Killed from afar by an ice dragon

Vault maps used:
D:        linesprint

Action                   |  1- 3 |  4- 6 |  7- 9 | 10-12 || total
-------------------------+-------+-------+-------+-------++-------
Melee: Flail             |    25 |    76 |    13 |       ||   114
       Morningstar       |       |       |   102 |    72 ||   174
       Demon whip        |       |       |       |   323 ||   323
Invok: Heroism           |       |       |     1 |       ||     1
  Use: Potion            |       |     3 |     2 |     2 ||     7
       Scroll            |       |       |     2 |     4 ||     6
  Eat: Chunk             |       |       |     5 |     4 ||     9
